 Dungeon Crawl Stone Soup version 0.30.1-9-gdf580d7c3d (webtiles) character file.

Game seed: 12551732638277551062

160 KittyFluff the Cudgeller (level 5, 0/33 HPs)
             Began as a Gargoyle Berserker on Oct 10, 2023.
             Was a Believer of Trog.
             Slain by Grinder (3 damage)
             ... on level 3 of the Dungeon.
             The game lasted 00:06:34 (1786 turns).

KittyFluff the Cudgeller (Gargoyle Berserker)       Turns: 1786, Time: 00:06:35

Health: 0/33       AC:  7    Str: 23    XL:     5   Next: 41%
Magic:  5/5        EV: 11    Int:  7    God:    Trog [**....]
Gold:   95         SH:  0    Dex:  9    Spells: 4/4 levels left

rFire   . . .        a - +0 mace
rCold   . . .        (no shield)
rNeg    + . .        e - +0 leather armour
rPois   ∞            (no helmet)
rElec   +            (no cloak)
rCorr   .            (no gloves)
SInv    .            (no boots)
Will    .....        (no amulet)
Stlth   +            (no ring)
HPRegen 0.25/turn    (no ring)
MPRegen 0.09/turn

%: no passive effects
@: no status effects
A: sickness immunity, AC +4, negative energy resistance 1, electricity
resistance, torment resistance 1, petrification resistance
a: Renounce Religion, Berserk, Trog's Hand


You were on level 3 of the Dungeon.
You worshipped Trog.
Trog was pleased with you.
You visited 1 branch of the dungeon, and saw 3 of its levels.

You collected 95 gold pieces.

Inventory:

Hand Weapons
 a - a +0 mace (weapon)
 d - a +0 sling
 i - a +0 morningstar
Missiles
 j - 2 poisoned darts (quivered)
Armour
 e - a +0 leather armour (worn)
Scrolls
 c - a scroll of poison {unknown}
 g - 3 scrolls of fear {unknown}
Potions
 b - a potion of heal wounds {unknown}
 f - a potion of lignification {unknown}
 h - a potion of attraction {unknown}
 k - a potion of resistance {unknown}
 l - a potion of berserk rage {unknown}


   Skills:
 + Level 4.0 Fighting
 * Level 4.1 Maces & Flails
 * Level 3.9 Armour
 + Level 2.2 Dodging


You had 4 spell levels left.
You didn't know any spells.
Your spell library was empty.

Dungeon Overview and Level Annotations

Branches:
Dungeon (3/15)

Altars:

Annotations:
D:3 Grinder


Innate Abilities, Weirdness & Mutations

You are immune to sickness and miasma.
Your stone body is resilient. (AC +4)
You are immune to poison.
You resist negative energy. (rN+)
You are resistant to electric shocks. (rElec)
You are resistant to unholy torment.
You are immune to petrification.


Message History

You throw a poisoned dart. The poisoned dart hits Grinder.
Grinder is poisoned.
You hit Grinder.
Grinder is lightly wounded.
Grinder gestures at you. You resist with significant effort.
You hit Grinder.
Grinder is lightly wounded.
Grinder gestures at you. Pain shoots through your body!
You hit Grinder.
Grinder is moderately wounded.
Grinder hits you.
You writhe in agony.
You closely miss Grinder.
Grinder is moderately wounded.
Grinder hits you.
You hit Grinder but do no damage.
Grinder is moderately wounded.
Grinder gestures at you.
You suddenly lose the ability to move!
Grinder hits you but does no damage.
Grinder looks more healthy.
Grinder blinks!
Grinder hits you.
You writhe in agony.
Grinder hits you.
* * * LOW HITPOINT WARNING * * *
You writhe in agony.
* * * LOW HITPOINT WARNING * * *
You can move again.
You hit Grinder but do no damage.
Grinder is heavily wounded.
Grinder closely misses you.
You hit Grinder.
Grinder is heavily wounded.
Grinder hits you.
* * * LOW HITPOINT WARNING * * *
You hit Grinder.
Grinder is heavily wounded.
Grinder barely misses you.
You hit Grinder but do no damage.
Grinder is heavily wounded.
Grinder hits you.
You die...

..5########
#.....((#
#.#####.# ##
####(###....
#....5....#
#.##@###.#..
#.......#
#........
#.......#.
#.......##.
#.......# ##
##.......
##...#.#


You could see Grinder.

Vanquished Creatures
  An orc priest (D:2)
  Jessica (D:2)
  2 orc wizards (D:2)
  An adder (D:2)
  3 worms (D:2)
  2 orcs (D:2)
  5 endoplasms
  A giant cockroach (D:1)
  A goblin (D:2)
  4 hobgoblins
  A quokka (D:2)
  3 ball pythons
  2 bats
  2 frilled lizards (D:2)
  7 kobolds (D:2)
  5 rats
41 creatures vanquished.

Notes
Turn   | Place    | Note
-------+----------+-------------------------------------------
     0 | D:1      | KittyFluff the Gargoyle Berserker began the quest for the
                  | Orb.
     0 | D:1      | Reached XP level 1. HP: 14/14 MP: 1/1
   287 | D:1      | Reached XP level 2. HP: 19/19 MP: 2/2
   544 | D:1      | You fall into a shaft and drop 1 floor!
   642 | D:2      | Noticed Jessica
   655 | D:2      | Killed Jessica
   656 | D:2      | Reached XP level 3. HP: 5/23 MP: 3/3
   959 | D:2      | Reached XP level 4. HP: 29/29 MP: 4/4
  1026 | D:2      | Reached ** piety under Trog
  1058 | D:2      | Reached XP level 5. HP: 3/33 MP: 5/5
  1372 | D:2      | Found a faded altar of an unknown god.
  1712 | D:3      | Noticed Grinder
  1720 | D:3      | Paralysed by Grinder for 4 turns
  1778 | D:3      | Paralysed by Grinder for 5 turns
  1786 | D:3      | Slain by Grinder

Illustrated notes

Levels and vault maps discovered:
D:1:      elethiomel_arrival_infinity_welcomes_careful_drivers,
          layout_loops_corners
D:2:      layout_loops_ring, hellmonk_ecumenical_altar_run_dry, st_stairs_4,
          lexackson_kobold_supper, uniq_jessica
D:3:      layout_loops_cross, nrook_loot_triangle, uniq_grinder

Skill      XL: |  1  2  3  4 |
---------------+-------------+-----
Armour         | 3 |  3.9
Dodging        | 2 |  2.2
Fighting       | 4 |  4.0
Maces & Flails | 4 |  4.1

Action                     |  1- 3 |  4- 6 || total
---------------------------+-------+-------++-------
  Melee: Mace              |    94 |    91 ||   185
         Punch             |       |     5 ||     5
  Throw: Dart              |       |     4 ||     4
 Invoke: Berserk           |     1 |       ||     1
 Armour: Animal skin       |    12 |       ||    12
         Leather armour    |    30 |    29 ||    59
  Dodge: Dodged            |    57 |    40 ||    97
